Senators vs Rampage

Created - Tuesday, November 25, 2014 at 21:41

Goals
1 2 3 OT1 SO T
Senators 0 1 0 0 1 2
Rampage 0 0 1 0 0 1
Shots
1 2 3 OT1 SO T
Senators 4 11 7 8 3 30
Rampage 2 8 10 4 3 24

1st period

No Goal

Penalties :
Colton Orr (BIN) for Hooking (Minor) at 2:06

2nd period

1. Senators , Colton Orr 7 (Josh Leivo) at 4:20

Penalties :
Mike Brown (BIN) for Tripping (Minor) at 4:49, Korbinian Holzer (BIN) for Interference (Minor) at 9:44

3rd period

2. Rampage , Eric Boulton 7 (Andrei Loktionov) at 2:44 (PP)

Penalties :
Korbinian Holzer (BIN) for Holding (Minor) at 2:19, Mike Brown (BIN) for Hooking (Minor) at 13:37

Overtime #1

No Goal

Penalties :
No Penalty

Shootout

Penalty Shot by Josh Leivo for Senators - Goal!
Penalty Shot by John Persson for Rampage - Stopped by Jean-Francois Berube
Penalty Shot by Kenny Ryan for Senators - Stopped by Mike Murphy
Penalty Shot by Andrei Loktionov for Rampage - Stopped by Jean-Francois Berube
Penalty Shot by Mike Brown for Senators - Stopped by Mike Murphy
Penalty Shot by Matt Puempel for Rampage - Stopped by Jean-Francois Berube

Penalties :
No Penalty

Goalie Stats

Jean-Francois Berube (BIN), 23 saves from 24 shots - (0.958), W, 15-6-2, 65:00 minutes
Mike Murphy (SAN), 29 saves from 30 shots - (0.967), OTL, 1-5-1, 65:00 minutes

Players Stats for Senators

Player Name              G  A  P  +/- PIM S  H  SB GA TA FO     MP     PP MP  PK MP  
------------------------------------------------------------------------------------
Alex Petrovic            0  0  0   0  0   0  1  2  0  1  0/0     5:14   0:00   1:03 
Andrew MacWilliam        0  0  0   0  0   1  1  2  0  1  0/0    19:26   0:00   2:48 
Brad Ross                0  0  0   0  0   0  0  0  0  0  0/0     0:57   0:00   0:00 
Colton Orr               1  0  1   1  2   2  2  0  3  0  0/0    18:21   0:00   0:00 
David Broll              0  0  0   0  0   2  2  0  1  0  1/1    20:05   0:00   4:15 
Emerson Etem             0  0  0   0  0   1  2  1  4  0  0/0    16:52   0:00   0:32 
Evan Trupp               0  0  0   1  0   2  1  1  0  1  0/5    19:40   0:00   1:22 
Greg Nemisz              0  0  0   0  0   1  0  0  0  0  0/0     3:55   0:00   0:32 
Greg Pateryn             0  0  0   0  0   3  1  1  1  4  0/0    22:47   0:00   3:05 
Jesse Blacker            0  0  0   1  0   2  1  1  0  0  0/0    24:24   0:00   1:50 
Joe Finley               0  0  0   0  0   0  1  0  0  0  0/0     5:39   0:00   1:59 
Josh Leivo               0  1  1   1  0   2  0  0  1  0  6/8    22:44   0:00   4:11 
Kenny Ryan               0  0  0   0  0   1  0  0  1  0  2/5    16:44   0:00   0:00 
Korbinian Holzer         0  0  0   1  4   4  1  3  0  2  0/0    29:57   0:00   2:52 
Martin St. Pierre        0  0  0   0  0   2  4  0  1  2  8/14   21:49   0:00   3:20 
Mike Brown               0  0  0   0  4   3  1  0  2  1  2/4    23:24   0:00   2:30 
Steve Eminger            0  0  0   0  0   4  1  2  1  1  0/0    22:47   0:00   3:05 
Tyler Biggs              0  0  0   0  0   0  0  1  0  0  1/2    16:44   0:00   0:00 

Players Stats for Rampage

Player Name              G  A  P  +/- PIM S  H  SB GA TA FO     MP     PP MP  PK MP  
------------------------------------------------------------------------------------
Adam Almquist            0  0  0   0  0   3  4  2  0  1  0/0    31:41   3:38   0:00 
Andrei Loktionov         0  1  1   0  0   3  1  1  4  0  9/18   21:44   4:09   0:00 
Andrey Pedan             0  0  0  -1  0   0  1  0  0  0  0/0    23:40   0:00   0:00 
Calle Jarnkrok           0  0  0   0  0   3  1  1  2  0  3/4    16:41   0:00   0:00 
Charles-Olivier Roussel  0  0  0  -1  0   2  1  2  0  1  0/0    27:49   4:43   0:00 
Eric Boulton             1  0  1   0  0   4  3  1  0  0  0/1    19:35   4:09   0:00 
Jesper Fast              0  0  0   0  0   3  3  0  7  0  1/1    21:04   3:46   0:00 
Johan Sundstrom          0  0  0   0  0   0  0  0  0  0  0/0     0:23   0:00   0:00 
John Persson             0  0  0  -1  0   0  1  2  2  0  3/8    21:58   4:12   0:00 
Keith Aulie              0  0  0   0  0   0  3  2  1  2  0/0    28:10   3:29   0:00 
Martin Frk               0  0  0   0  0   1  3  0  2  2  0/0    19:46   3:46   0:00 
Matt D'Agostini          0  0  0   0  0   0  0  0  0  0  0/0    19:53   1:17   0:00 
Matt Puempel             0  0  0  -1  0   1  3  3  2  1  1/3    25:03   3:18   0:00 
Mikael Samuelsson        0  0  0  -1  0   1  0  0  1  1  2/4    16:49   0:26   0:00 
Nick Tuzzolino           0  0  0   0  0   0  0  0  0  0  0/0     8:10   4:52   0:00 
Ryan Potulny             0  0  0   0  0   2  0  1  0  0  0/0     4:32   0:00   0:00 
Tim Miller               0  0  0   0  0   0  0  0  0  0  0/0     2:44   0:00   0:00 
Will O'Neill             0  0  0   0  0   1  0  1  0  0  0/0    10:13   0:00   0:00 

3 Stars

1 - Mike Murphy (SAN)
2 - Jean-Francois Berube (BIN)
3 - Eric Boulton (SAN)

Power Play

Senators - 0 on 0 Attempt(s) - 0.00%
Rampage - 1 on 5 Attempt(s) - 20.00%

Penalty Kill

Senators - 4 on 5 Attempt(s) - 80.00% - Score 0 goal in Penalty Kill
Rampage - 0 on 0 Attempt(s) - 0.00% - Score 0 goal in Penalty Kill

Official

Referees : Unknown
Linesman : Unknown

Game Notes

Alex Petrovic is injured at 7:18 of 1st period (Sprained Right Finger)
0:04 of 1st overtime period - Rampage goal is going for a video replay. After video review, No Goal. The puck has been kicked using a distinct kicking motion.

Finance

Level 1 -- Attendance: 1393 (69.65%) -- Ticket Income $48,755
Level 2 -- Attendance: 823 (82.30%) -- Ticket Income $12,345
Total Attendance: 2216 (73.87%)
Total Ticket Income: $61,100
Other Income: $29,939
Total Income: $91,039

Senators

5 vs 5 Forward 
   Center                   Left Wing                Right Wing               Time % Phy DF OF 
 1 Martin St. Pierre        Emerson Etem             Mike Brown               35     1   2  2  
 2 Evan Trupp               Josh Leivo               Colton Orr               30     1   2  2  
 3 Mike Brown               David Broll              Tyler Biggs              22     1   2  2  
 4 Martin St. Pierre        Josh Leivo               Kenny Ryan               13     1   2  2  

5 vs 5 Defense 
   Defense                  Defense                                           Time % Phy DF OF 
 1 Korbinian Holzer         Jesse Blacker                                     35     1   2  2  
 2 Steve Eminger            Greg Pateryn                                      30     1   2  2  
 3 Korbinian Holzer         Jesse Blacker                                     22     1   2  2  
 4 Alex Petrovic            Andrew MacWilliam                                 13     1   2  2  

PowerPlay Forward 
   Center                   Left Wing                Right Wing               Time % Phy DF OF 
 1 Martin St. Pierre        Emerson Etem             Mike Brown               60     1   2  2  
 2 Evan Trupp               Josh Leivo               Tyler Biggs              40     1   2  2  

PowerPlay Defense
   Defense                  Defense                                           Time % Phy DF OF 
 1 Korbinian Holzer         Jesse Blacker                                     60     1   2  2  
 2 Steve Eminger            Greg Pateryn                                      40     1   2  2  

Penalty Kill 4 Players Forward 
   Center                   Wing                     Time % Phy DF OF 
 1 Josh Leivo               Mike Brown               60     1   2  2  
 2 David Broll              Martin St. Pierre        40     1   2  2  

Penalty Kill 4 Players Defense
   Defense                  Defense                  Time % Phy DF OF 
 1 Korbinian Holzer         Alex Petrovic            60     1   2  2  
 2 Steve Eminger            Greg Pateryn             40     1   2  2  

Penalty Kill - 3 Players Forward 
   Forward                                           Time % Phy DF OF 
 1 Martin St. Pierre                                 60     1   2  2  
 2 Mike Brown                                        40     1   2  2  

Penalty Kill - 3 Players Defense
   Defense                  Defense                  Time % Phy DF OF 
 1 Jesse Blacker            Korbinian Holzer         60     1   2  2  
 2 Steve Eminger            Greg Pateryn             40     1   2  2  

4 vs 4 Forward 
   Center                   Wing                     Time % Phy DF OF 
 1 Kenny Ryan               Mike Brown               60     1   2  2  
 2 Emerson Etem             Martin St. Pierre        40     1   2  2  

4 vs 4 Defense
   Defense                  Defense                  Time % Phy DF OF 
 1 Korbinian Holzer         Jesse Blacker            60     1   2  2  
 2 Steve Eminger            Greg Pateryn             40     1   2  2  

Last Minutes Offensive
   Center                   Left Wing                Right Wing               Defense                  Defense                  
   Martin St. Pierre        Emerson Etem             Mike Brown               Steve Eminger            Korbinian Holzer         

Last Minutes Defensive
   Center                   Left Wing                Right Wing               Defense                  Defense                  
   Martin St. Pierre        Emerson Etem             Mike Brown               Steve Eminger            Korbinian Holzer         

Goaltenders
Starting : Jean-Francois Berube     
Backup : Cedrick Desjardins       

Extra Forwards
Normal : Tyler Biggs, Kenny Ryan, David Broll - PP : Tyler Biggs, Kenny Ryan - PK : David Broll
Extra Defensemen
Normal : Korbinian Holzer, Jesse Blacker, Alex Petrovic - PP : Korbinian Holzer - PK : Jesse Blacker, Alex Petrovic
Penalty Shots
Josh Leivo, Kenny Ryan, Mike Brown, Tyler Biggs, Martin St. Pierre

Rampage

5 vs 5 Forward 
   Center                   Left Wing                Right Wing               Time % Phy DF OF 
 1 Andrei Loktionov         Matt Puempel             Matt D'Agostini          35     1   2  2  
 2 Calle Jarnkrok           Jesper Fast              Martin Frk               30     1   2  2  
 3 Andrei Loktionov         Eric Boulton             Jesper Fast              22     1   2  2  
 4 Mikael Samuelsson        John Persson             Matt Puempel             13     1   2  2  

5 vs 5 Defense 
   Defense                  Defense                                           Time % Phy DF OF 
 1 Keith Aulie              Adam Almquist                                     35     1   2  2  
 2 Charles-Olivier Roussel  Andrey Pedan                                      30     1   2  2  
 3 Keith Aulie              Adam Almquist                                     22     1   2  2  
 4 Charles-Olivier Roussel  Adam Almquist                                     13     1   2  2  

PowerPlay Forward 
   Center                   Left Wing                Right Wing               Time % Phy DF OF 
 1 Andrei Loktionov         Matt Puempel             Eric Boulton             60     1   2  2  
 2 John Persson             Jesper Fast              Martin Frk               40     1   2  2  

PowerPlay Defense
   Defense                  Defense                                           Time % Phy DF OF 
 1 Keith Aulie              Adam Almquist                                     60     1   2  2  
 2 Charles-Olivier Roussel  Nick Tuzzolino                                    40     1   2  2  

Penalty Kill 4 Players Forward 
   Center                   Wing                     Time % Phy DF OF 
 1 Eric Boulton             John Persson             60     1   2  2  
 2 Matt Puempel             Jesper Fast              40     1   2  2  

Penalty Kill 4 Players Defense
   Defense                  Defense                  Time % Phy DF OF 
 1 Keith Aulie              Adam Almquist            60     1   2  2  
 2 Charles-Olivier Roussel  Andrey Pedan             40     1   2  2  

Penalty Kill - 3 Players Forward 
   Forward                                           Time % Phy DF OF 
 1 Jesper Fast                                       60     1   2  2  
 2 Matt Puempel                                      40     1   2  2  

Penalty Kill - 3 Players Defense
   Defense                  Defense                  Time % Phy DF OF 
 1 Keith Aulie              Adam Almquist            60     1   2  2  
 2 Charles-Olivier Roussel  Andrey Pedan             40     1   2  2  

4 vs 4 Forward 
   Center                   Wing                     Time % Phy DF OF 
 1 John Persson             Eric Boulton             60     1   2  2  
 2 Matt Puempel             Jesper Fast              40     1   2  2  

4 vs 4 Defense
   Defense                  Defense                  Time % Phy DF OF 
 1 Andrey Pedan             Adam Almquist            60     1   2  2  
 2 Charles-Olivier Roussel  Keith Aulie              40     1   2  2  

Last Minutes Offensive
   Center                   Left Wing                Right Wing               Defense                  Defense                  
   Andrei Loktionov         Matt Puempel             Matt D'Agostini          Keith Aulie              Adam Almquist            

Last Minutes Defensive
   Center                   Left Wing                Right Wing               Defense                  Defense                  
   Andrei Loktionov         Matt Puempel             Matt D'Agostini          Keith Aulie              Adam Almquist            

Goaltenders
Starting : Mike Murphy              
Backup : Matt Hackett             

Extra Forwards
Normal : Eric Boulton, John Persson, Matt Puempel - PP : Eric Boulton, John Persson - PK : Matt Puempel
Extra Defensemen
Normal : Charles-Olivier Roussel, Keith Aulie, Adam Almquist - PP : Adam Almquist - PK : Keith Aulie, Adam Almquist
Penalty Shots
John Persson, Andrei Loktionov, Matt Puempel, Jesper Fast, Eric Boulton

% Time on Ice - Senators

Lines # - Real PCT - Wanted PCT - Time Play
Normal Forward
1 - 30% - 35% - 15:36
2 - 33% - 30% - 17:00
3 - 24% - 22% - 12:35
4 - 13% - 13% - 6:28
Normal Defense
1 - 25% - 35% - 12:51
2 - 34% - 30% - 17:25
3 - 11% - 22% - 5:34
4 - 31% - 13% - 15:49
PP Forward
1 - 0% - 60%
2 - 0% - 40%
PP Defense
1 - 0% - 60%
2 - 0% - 40%
PK Forward
1 - 89% - 60% - 7:25
2 - 11% - 40% - 0:56
PK Defense
1 - 63% - 60% - 5:16
2 - 37% - 40% - 3:05
PK3 Forward
1 - 0% - 60%
2 - 0% - 40%
PK3 Defense
1 - 0% - 60%
2 - 0% - 40%
44 Forward
1 - 85% - 60% - 4:16
2 - 15% - 40% - 0:44
44 Defense
1 - 54% - 60% - 2:43
2 - 46% - 40% - 2:17
Last Minute Offensive  - 0:00
Last Minute Defensive  - 0:00
Total
Forward - 65:00
Defense - 65:00

% Time on Ice - Rampage

Lines # - Real PCT - Wanted PCT - Time Play
Normal Forward
1 - 31% - 35% - 15:47
2 - 33% - 30% - 17:15
3 - 12% - 22% - 6:00
4 - 24% - 13% - 12:37
Normal Defense
1 - 34% - 35% - 17:24
2 - 40% - 30% - 20:33
3 - 17% - 22% - 8:32
4 - 10% - 13% - 5:10
PP Forward
1 - 55% - 60% - 4:35
2 - 45% - 40% - 3:46
PP Defense
1 - 42% - 60% - 3:29
2 - 58% - 40% - 4:52
PK Forward
1 - 0% - 60%
2 - 0% - 40%
PK Defense
1 - 0% - 60%
2 - 0% - 40%
PK3 Forward
1 - 0% - 60%
2 - 0% - 40%
PK3 Defense
1 - 0% - 60%
2 - 0% - 40%
44 Forward
1 - 90% - 60% - 4:29
2 - 10% - 40% - 0:31
44 Defense
1 - 58% - 60% - 2:53
2 - 42% - 40% - 2:07
Last Minute Offensive  - 0:00
Last Minute Defensive  - 0:00
Total
Forward - 65:00
Defense - 65:00

Play by Play

1st period


0:01 of 1st period - Martin St. Pierre wins face-off versus Andrei Loktionov in neutral zone.
0:08 of 1st period - Snap shot by Emerson Etem.
0:08 of 1st period - Shot Misses the Net.
0:16 of 1st period - Snap shot by Emerson Etem.
0:16 of 1st period - Shot Misses the Net.
0:36 of 1st period - Wrist shot by Matt Puempel.
0:36 of 1st period - Shot Misses the Net.
0:38 of 1st period - Snap shot by Andrei Loktionov.
0:38 of 1st period - Shot Misses the Net.
1:27 of 1st period - Alex Petrovic is hit by Adam Almquist and loses puck.
2:06 of 1st period - Minor Penalty to Colton Orr for Hooking.
2:07 of 1st period - Josh Leivo wins face-off versus Andrei Loktionov in Senators zone.
2:37 of 1st period - Wrist shot by Steve Eminger.
2:37 of 1st period - Stopped by Mike Murphy with a rebound.
3:08 of 1st period - Josh Leivo is hit by Martin Frk and loses puck.
3:19 of 1st period - Korbinian Holzer is hit by Charles-Olivier Roussel.
3:37 of 1st period - Alex Petrovic is hit by Keith Aulie and loses puck.
4:06 of 1st period - Penalty to Colton Orr is over, Colton Orr is back on ice.
4:25 of 1st period - Andrei Loktionov is hit by Alex Petrovic and loses puck.
4:45 of 1st period - Keith Aulie is hit by Emerson Etem and loses puck.
5:08 of 1st period - Slapshot by Matt Puempel.
5:08 of 1st period - Stopped by Jean-Francois Berube with a rebound.
5:10 of 1st period - Slapshot by Keith Aulie.
5:10 of 1st period - Shot Blocked by Alex Petrovic.
5:12 of 1st period - Snap shot by Adam Almquist.
5:12 of 1st period - Shot Blocked by Korbinian Holzer.
5:31 of 1st period - Alex Petrovic is hit by Andrei Loktionov and loses puck.
5:55 of 1st period - Colton Orr is hit by Jesper Fast and loses puck.
6:15 of 1st period - Wrist shot by Mikael Samuelsson.
6:15 of 1st period - Shot Misses the Net.
6:17 of 1st period - Slapshot by Adam Almquist.
6:17 of 1st period - Deflect By Josh Leivo.
6:17 of 1st period - Stopped by Jean-Francois Berube with a rebound.
6:41 of 1st period - Icing by Evan Trupp.
6:42 of 1st period - Andrei Loktionov wins face-off versus Evan Trupp in Senators zone.
7:18 of 1st period - Wrist shot by Adam Almquist.
7:18 of 1st period - Shot Blocked by Alex Petrovic.
7:18 of 1st period - Alex Petrovic from Senators is injured at 7:18 of 1st period (Sprained Right Finger).
7:19 of 1st period - Martin St. Pierre wins face-off versus Andrei Loktionov in Senators zone.
8:57 of 1st period - Icing by John Persson.
8:58 of 1st period - Mike Brown wins face-off versus Mikael Samuelsson in Rampage zone.
10:31 of 1st period - Icing by Will O'Neill.
10:32 of 1st period - Andrei Loktionov wins face-off versus Evan Trupp in Rampage zone.
10:37 of 1st period - Evan Trupp is hit by Keith Aulie and loses puck.
11:09 of 1st period - Slapshot by Mike Brown.
11:09 of 1st period - Stopped by Mike Murphy with a rebound.
11:43 of 1st period - Andrei Loktionov is hit by Jesse Blacker and loses puck.
12:29 of 1st period - Snap shot by Mikael Samuelsson.
12:29 of 1st period - Deflect By Eric Boulton.
12:29 of 1st period - Shot Blocked by Korbinian Holzer.
12:29 of 1st period - Puck is out of play.
12:30 of 1st period - Mikael Samuelsson wins face-off versus Martin St. Pierre in Senators zone.
12:33 of 1st period - Slapshot by Eric Boulton.
12:33 of 1st period - Shot Blocked by Emerson Etem.
13:03 of 1st period - Andrei Loktionov is hit by David Broll.
13:29 of 1st period - Emerson Etem is hit by Martin Frk and loses puck.
14:31 of 1st period - Snap shot by Calle Jarnkrok.
14:31 of 1st period - Shot Misses the Net.
15:21 of 1st period - Slapshot by Steve Eminger.
15:21 of 1st period - Shot Blocked by Eric Boulton.
15:23 of 1st period - Snap shot by Martin St. Pierre.
15:23 of 1st period - Shot Misses the Net.
15:25 of 1st period - Slapshot by Greg Pateryn.
15:25 of 1st period - Deflect By Andrei Loktionov.
15:25 of 1st period - Stopped by Mike Murphy with a rebound.
16:17 of 1st period - Slapshot by Matt Puempel.
16:17 of 1st period - Shot Blocked by Evan Trupp.
16:33 of 1st period - Icing by Evan Trupp.
16:34 of 1st period - Calle Jarnkrok wins face-off versus Evan Trupp in Senators zone.
16:59 of 1st period - Mike Brown is hit by Keith Aulie and loses puck.
17:24 of 1st period - Backhand shot by Jesper Fast.
17:24 of 1st period - Shot Misses the Net.
18:30 of 1st period - Matt Puempel is hit by Martin St. Pierre and loses puck.
18:35 of 1st period - Slapshot by Martin St. Pierre.
18:35 of 1st period - Shot Misses the Net.
18:37 of 1st period - Snap shot by Josh Leivo.
18:37 of 1st period - Deflect By Martin St. Pierre.
18:37 of 1st period - Stopped by Mike Murphy with a rebound.
18:55 of 1st period - Charles-Olivier Roussel is hit by Joe Finley and loses puck.
Goals for this period are 0 for Senators vs 0 for Rampage.
Shots for this period are 4 for Senators vs 2 for Rampage.

2nd period


0:01 of 2nd period - Andrei Loktionov wins face-off versus Martin St. Pierre in neutral zone.
0:07 of 2nd period - Off-side.
0:08 of 2nd period - Martin St. Pierre wins face-off versus Andrei Loktionov in neutral zone.
0:55 of 2nd period - Slapshot by Calle Jarnkrok.
0:55 of 2nd period - Stopped by Jean-Francois Berube with a rebound.
0:57 of 2nd period - Slapshot by Adam Almquist.
0:57 of 2nd period - Stopped by Jean-Francois Berube with a rebound.
1:03 of 2nd period - Wrist shot by Martin Frk.
1:03 of 2nd period - Shot Hit the Post.
1:05 of 2nd period - Wrist shot by Calle Jarnkrok.
1:05 of 2nd period - Shot Misses the Net.
1:23 of 2nd period - Snap shot by Jesper Fast.
1:23 of 2nd period - Shot Misses the Net.
1:25 of 2nd period - Slapshot by Charles-Olivier Roussel.
1:25 of 2nd period - Shot Misses the Net.
1:41 of 2nd period - Matt Puempel is hit by Evan Trupp and loses puck.
1:46 of 2nd period - Backhand shot by Colton Orr.
1:46 of 2nd period - Shot Misses the Net.
1:48 of 2nd period - Snap shot by Evan Trupp.
1:48 of 2nd period - Stopped by Mike Murphy with a rebound.
1:50 of 2nd period - Slapshot by Josh Leivo.
1:50 of 2nd period - Shot Misses the Net.
3:14 of 2nd period - Korbinian Holzer is hit by Matt Puempel and loses puck.
3:33 of 2nd period - Kenny Ryan is hit by Matt Puempel.
3:41 of 2nd period - Wrist shot by Tyler Biggs.
3:41 of 2nd period - Deflect By David Broll.
3:41 of 2nd period - Stopped by Mike Murphy with a rebound.
3:43 of 2nd period - Slapshot by Kenny Ryan.
3:43 of 2nd period - Shot Blocked by John Persson.
3:48 of 2nd period - Icing by Mikael Samuelsson.
3:49 of 2nd period - Martin St. Pierre wins face-off versus Mikael Samuelsson in Rampage zone.
4:08 of 2nd period - Wrist shot by Mike Brown.
4:08 of 2nd period - Shot Misses the Net.
4:20 of 2nd period - Slapshot by Colton Orr.
4:20 of 2nd period - Goal by Colton Orr - Senators : 1 - Rampage : 0.
4:21 of 2nd period - Andrei Loktionov wins face-off versus Mike Brown in neutral zone.
4:24 of 2nd period - Korbinian Holzer is hit by Jesper Fast and loses puck.
4:43 of 2nd period - Slapshot by Andrei Loktionov.
4:43 of 2nd period - Stopped by Jean-Francois Berube with a rebound.
4:49 of 2nd period - Minor Penalty to Mike Brown for Tripping.
4:50 of 2nd period - Josh Leivo wins face-off versus John Persson in Senators zone.
5:51 of 2nd period - Snap shot by Andrei Loktionov.
5:51 of 2nd period - Shot Blocked by Korbinian Holzer.
6:16 of 2nd period - Martin St. Pierre is hit by Jesper Fast and loses puck.
6:49 of 2nd period - Penalty to Mike Brown is over, Mike Brown is back on ice.
7:29 of 2nd period - Snap shot by Mikael Samuelsson.
7:29 of 2nd period - Stopped by Jean-Francois Berube with a rebound.
8:12 of 2nd period - Snap shot by Emerson Etem.
8:12 of 2nd period - Shot Blocked by Keith Aulie.
8:14 of 2nd period - Snap shot by Martin St. Pierre.
8:14 of 2nd period - Shot Misses the Net.
8:16 of 2nd period - Slapshot by Jesse Blacker.
8:16 of 2nd period - Stopped by Mike Murphy without a rebound.
8:17 of 2nd period - Martin St. Pierre wins face-off versus Eric Boulton in Rampage zone.
8:20 of 2nd period - Snap shot by Martin St. Pierre.
8:20 of 2nd period - Stopped by Mike Murphy with a rebound.
8:42 of 2nd period - Snap shot by David Broll.
8:42 of 2nd period - Shot Blocked by Matt Puempel.
8:44 of 2nd period - Wrist shot by Tyler Biggs.
8:44 of 2nd period - Shot Blocked by Charles-Olivier Roussel.
8:46 of 2nd period - Slapshot by Andrew MacWilliam.
8:46 of 2nd period - Stopped by Mike Murphy with a rebound.
9:12 of 2nd period - Kenny Ryan is hit by Adam Almquist and loses puck.
9:25 of 2nd period - Jesse Blacker is hit by Adam Almquist and loses puck.
9:44 of 2nd period - Minor Penalty to Korbinian Holzer for Interference.
9:45 of 2nd period - Josh Leivo wins face-off versus Andrei Loktionov in Senators zone.
9:51 of 2nd period - Icing by Andrei Loktionov.
9:52 of 2nd period - Josh Leivo wins face-off versus Matt Puempel in Rampage zone.
10:03 of 2nd period - Snap shot by Mike Brown.
10:03 of 2nd period - Shot Blocked by Matt Puempel.
10:05 of 2nd period - Wrist shot by Josh Leivo.
10:05 of 2nd period - Deflect By Mike Brown.
10:05 of 2nd period - Shot Misses the Net.
10:05 of 2nd period - Puck is out of play.
10:06 of 2nd period - John Persson wins face-off versus Josh Leivo in Rampage zone.
11:27 of 2nd period - Nick Tuzzolino is hit by David Broll and loses puck.
11:44 of 2nd period - Penalty to Korbinian Holzer is over, Korbinian Holzer is back on ice.
12:20 of 2nd period - Backhand shot by Colton Orr.
12:20 of 2nd period - Shot Misses the Net.
12:44 of 2nd period - Calle Jarnkrok is hit by Steve Eminger.
13:02 of 2nd period - Snap shot by Colton Orr.
13:02 of 2nd period - Shot Blocked by Adam Almquist.
13:12 of 2nd period - Snap shot by Josh Leivo.
13:12 of 2nd period - Stopped by Mike Murphy with a rebound.
13:26 of 2nd period - Wrist shot by David Broll.
13:26 of 2nd period - Shot Misses the Net.
13:55 of 2nd period - John Persson is hit by Mike Brown and loses puck.
14:44 of 2nd period - Snap shot by Matt D'Agostini.
14:44 of 2nd period - Shot Misses the Net.
14:48 of 2nd period - Backhand shot by Ryan Potulny.
14:48 of 2nd period - Stopped by Jean-Francois Berube with a rebound.
16:20 of 2nd period - Snap shot by Ryan Potulny.
16:20 of 2nd period - Stopped by Jean-Francois Berube with a rebound.
16:22 of 2nd period - Snap shot by Ryan Potulny.
16:22 of 2nd period - Shot Misses the Net.
17:01 of 2nd period - Slapshot by Charles-Olivier Roussel.
17:01 of 2nd period - Shot Blocked by Andrew MacWilliam.
17:03 of 2nd period - Slapshot by Will O'Neill.
17:03 of 2nd period - Stopped by Jean-Francois Berube with a rebound.
17:05 of 2nd period - Slapshot by Charles-Olivier Roussel.
17:05 of 2nd period - Stopped by Jean-Francois Berube with a rebound.
17:27 of 2nd period - Kenny Ryan is hit by Calle Jarnkrok and loses puck.
18:02 of 2nd period - Wrist shot by Evan Trupp.
18:02 of 2nd period - Shot Blocked by Will O'Neill.
18:16 of 2nd period - Slapshot by Jesse Blacker.
18:16 of 2nd period - Shot Blocked by Adam Almquist.
18:18 of 2nd period - Slapshot by Steve Eminger.
18:18 of 2nd period - Shot Blocked by Ryan Potulny.
18:20 of 2nd period - Snap shot by Greg Nemisz.
18:20 of 2nd period - Shot Misses the Net.
18:22 of 2nd period - Slapshot by Greg Pateryn.
18:22 of 2nd period - Shot Misses the Net.
18:24 of 2nd period - Slapshot by Steve Eminger.
18:24 of 2nd period - Deflect By Jesper Fast.
18:24 of 2nd period - Stopped by Mike Murphy with a rebound.
18:26 of 2nd period - Snap shot by Greg Nemisz.
18:26 of 2nd period - Stopped by Mike Murphy with a rebound.
19:35 of 2nd period - Calle Jarnkrok is hit by Martin St. Pierre and loses puck.
19:44 of 2nd period - Greg Pateryn is hit by Adam Almquist.
19:56 of 2nd period - Slapshot by Greg Pateryn.
19:56 of 2nd period - Deflect By Jesper Fast.
19:56 of 2nd period - Stopped by Mike Murphy with a rebound.
19:58 of 2nd period - Wrist shot by Steve Eminger.
19:58 of 2nd period - Stopped by Mike Murphy with a rebound.
Goals for this period are 1 for Senators vs 0 for Rampage.
Shots for this period are 11 for Senators vs 8 for Rampage.

3rd period


0:01 of 3rd period - Martin St. Pierre wins face-off versus Andrei Loktionov in neutral zone.
0:08 of 3rd period - Wrist shot by Emerson Etem.
0:08 of 3rd period - Shot Misses the Net.
0:10 of 3rd period - Slapshot by Korbinian Holzer.
0:10 of 3rd period - Stopped by Mike Murphy with a rebound.
0:12 of 3rd period - Snap shot by Emerson Etem.
0:12 of 3rd period - Shot Misses the Net.
0:18 of 3rd period - Wrist shot by Emerson Etem.
0:18 of 3rd period - Stopped by Mike Murphy without a rebound.
0:19 of 3rd period - Andrei Loktionov wins face-off versus Martin St. Pierre in Rampage zone.
1:48 of 3rd period - Wrist shot by Calle Jarnkrok.
1:48 of 3rd period - Shot Blocked by Greg Pateryn.
2:19 of 3rd period - Minor Penalty to Korbinian Holzer for Holding.
2:20 of 3rd period - Josh Leivo wins face-off versus John Persson in Senators zone.
2:42 of 3rd period - Snap shot by John Persson.
2:42 of 3rd period - Deflect By Jesper Fast.
2:42 of 3rd period - Shot Misses the Net.
2:42 of 3rd period - Puck is out of play.
2:43 of 3rd period - Andrei Loktionov wins face-off versus Josh Leivo in Senators zone.
2:44 of 3rd period - Snap shot by Eric Boulton.
2:44 of 3rd period - Goal by Eric Boulton - Senators : 1 - Rampage : 1.
2:45 of 3rd period - Andrei Loktionov wins face-off versus Martin St. Pierre in neutral zone.
2:48 of 3rd period - Slapshot by Jesper Fast.
2:48 of 3rd period - Stopped by Jean-Francois Berube with a rebound.
3:26 of 3rd period - Slapshot by Mikael Samuelsson.
3:26 of 3rd period - Shot Misses the Net.
3:28 of 3rd period - Wrist shot by John Persson.
3:28 of 3rd period - Shot Misses the Net.
3:48 of 3rd period - Snap shot by Mikael Samuelsson.
3:48 of 3rd period - Shot Misses the Net.
3:55 of 3rd period - Icing by Jesse Blacker.
3:56 of 3rd period - Jesper Fast wins face-off versus Mike Brown in Senators zone.
4:15 of 3rd period - Snap shot by Calle Jarnkrok.
4:15 of 3rd period - Stopped by Jean-Francois Berube with a rebound.
4:17 of 3rd period - Slapshot by Jesper Fast.
4:17 of 3rd period - Shot Misses the Net.
4:19 of 3rd period - Wrist shot by Calle Jarnkrok.
4:19 of 3rd period - Deflect By Jesper Fast.
4:19 of 3rd period - Stopped by Jean-Francois Berube with a rebound.
4:21 of 3rd period - Wrist shot by Jesper Fast.
4:21 of 3rd period - Stopped by Jean-Francois Berube with a rebound.
4:23 of 3rd period - Slapshot by Calle Jarnkrok.
4:23 of 3rd period - Stopped by Jean-Francois Berube with a rebound.
4:47 of 3rd period - Snap shot by Steve Eminger.
4:47 of 3rd period - Shot Blocked by Charles-Olivier Roussel.
4:49 of 3rd period - Snap shot by Josh Leivo.
4:49 of 3rd period - Stopped by Mike Murphy with a rebound.
4:51 of 3rd period - Wrist shot by Colton Orr.
4:51 of 3rd period - Shot Misses the Net.
4:53 of 3rd period - Snap shot by Greg Pateryn.
4:53 of 3rd period - Deflect By Colton Orr.
4:53 of 3rd period - Shot Misses the Net.
4:53 of 3rd period - Puck is out of play.
4:54 of 3rd period - Mikael Samuelsson wins face-off versus Martin St. Pierre in Rampage zone.
5:27 of 3rd period - Martin Frk is hit by Greg Pateryn and loses puck.
5:36 of 3rd period - Snap shot by Josh Leivo.
5:36 of 3rd period - Deflect By Evan Trupp.
5:36 of 3rd period - Stopped by Mike Murphy with a rebound.
5:38 of 3rd period - Slapshot by Korbinian Holzer.
5:38 of 3rd period - Deflect By Josh Leivo.
5:38 of 3rd period - Shot Blocked by Calle Jarnkrok.
5:38 of 3rd period - Puck is out of play.
5:39 of 3rd period - Calle Jarnkrok wins face-off versus Evan Trupp in Rampage zone.
6:31 of 3rd period - Backhand shot by Keith Aulie.
6:31 of 3rd period - Shot Blocked by Steve Eminger.
7:13 of 3rd period - Off-side.
7:14 of 3rd period - Martin St. Pierre wins face-off versus Calle Jarnkrok in neutral zone.
7:37 of 3rd period - Matt Puempel is hit by Colton Orr and loses puck.
7:44 of 3rd period - Slapshot by Josh Leivo.
7:44 of 3rd period - Shot Blocked by John Persson.
8:04 of 3rd period - Slapshot by Martin St. Pierre.
8:04 of 3rd period - Shot Misses the Net.
8:56 of 3rd period - Slapshot by Steve Eminger.
8:56 of 3rd period - Shot Misses the Net.
8:58 of 3rd period - Slapshot by Greg Pateryn.
8:58 of 3rd period - Deflect By David Broll.
8:58 of 3rd period - Stopped by Mike Murphy with a rebound.
9:00 of 3rd period - Slapshot by Steve Eminger.
9:00 of 3rd period - Stopped by Mike Murphy with a rebound.
9:02 of 3rd period - Slapshot by Greg Pateryn.
9:02 of 3rd period - Shot Misses the Net.
9:50 of 3rd period - Snap shot by Martin St. Pierre.
9:50 of 3rd period - Shot Hit the Post.
9:52 of 3rd period - Slapshot by Greg Pateryn.
9:52 of 3rd period - Shot Blocked by Andrei Loktionov.
11:09 of 3rd period - Calle Jarnkrok is hit by Korbinian Holzer.
11:55 of 3rd period - Slapshot by Calle Jarnkrok.
11:55 of 3rd period - Shot Misses the Net.
11:59 of 3rd period - Wrist shot by Calle Jarnkrok.
11:59 of 3rd period - Shot Blocked by Steve Eminger.
12:13 of 3rd period - Andrew MacWilliam is hit by Martin Frk and loses puck.
12:33 of 3rd period - Backhand shot by Andrei Loktionov.
12:33 of 3rd period - Stopped by Jean-Francois Berube without a rebound.
12:34 of 3rd period - David Broll wins face-off versus Andrei Loktionov in Senators zone.
13:04 of 3rd period - Martin St. Pierre is hit by John Persson.
13:37 of 3rd period - Minor Penalty to Mike Brown for Hooking.
13:38 of 3rd period - Josh Leivo wins face-off versus Andrei Loktionov in Senators zone.
13:38 of 3rd period - Josh Leivo is hit by Eric Boulton.
14:11 of 3rd period - Wrist shot by Martin Frk.
14:11 of 3rd period - Stopped by Jean-Francois Berube without a rebound.
14:12 of 3rd period - Martin St. Pierre wins face-off versus John Persson in Senators zone.
14:59 of 3rd period - Snap shot by Adam Almquist.
14:59 of 3rd period - Shot Hit the Post.
15:33 of 3rd period - Matt D'Agostini is hit by Emerson Etem and loses puck.
15:37 of 3rd period - Penalty to Mike Brown is over, Mike Brown is back on ice.
16:29 of 3rd period - Wrist shot by Andrei Loktionov.
16:29 of 3rd period - Shot Blocked by Andrew MacWilliam.
16:35 of 3rd period - Matt Puempel is hit by Martin St. Pierre and loses puck.
16:42 of 3rd period - Josh Leivo is hit by Andrey Pedan and loses puck.
16:53 of 3rd period - Wrist shot by Eric Boulton.
16:53 of 3rd period - Deflect By Calle Jarnkrok.
16:53 of 3rd period - Shot Hit the Post.
16:53 of 3rd period - Puck is out of play.
16:54 of 3rd period - Calle Jarnkrok wins face-off versus Tyler Biggs in Senators zone.
16:55 of 3rd period - Snap shot by Eric Boulton.
16:55 of 3rd period - Shot Blocked by Tyler Biggs.
17:25 of 3rd period - Wrist shot by Jesper Fast.
17:25 of 3rd period - Shot Misses the Net.
17:27 of 3rd period - Wrist shot by Martin Frk.
17:27 of 3rd period - Shot Misses the Net.
17:47 of 3rd period - Ryan Potulny is hit by Colton Orr and loses puck.
18:00 of 3rd period - Slapshot by Eric Boulton.
18:00 of 3rd period - Shot Misses the Net.
18:07 of 3rd period - Off-side.
18:08 of 3rd period - Andrei Loktionov wins face-off versus Martin St. Pierre in neutral zone.
18:11 of 3rd period - Slapshot by Eric Boulton.
18:11 of 3rd period - Stopped by Jean-Francois Berube with a rebound.
18:48 of 3rd period - Jesse Blacker is hit by Matt Puempel and loses puck.
19:20 of 3rd period - Mikael Samuelsson is hit by Andrew MacWilliam and loses puck.
19:39 of 3rd period - Slapshot by Colton Orr.
19:39 of 3rd period - Stopped by Mike Murphy without a rebound.
19:40 of 3rd period - Andrei Loktionov wins face-off versus Evan Trupp in Rampage zone.
19:47 of 3rd period - Snap shot by Andrei Loktionov.
19:47 of 3rd period - Stopped by Jean-Francois Berube without a rebound.
19:48 of 3rd period - Mike Brown wins face-off versus Andrei Loktionov in Senators zone.
Goals for this period are 0 for Senators vs 1 for Rampage.
Shots for this period are 7 for Senators vs 10 for Rampage.

Overtime #1


0:01 of 1st overtime period - John Persson wins face-off versus Kenny Ryan in neutral zone.
0:04 of 1st overtime period - Slapshot by Eric Boulton.
0:04 of 1st overtime period - Rampage goal is going for a video replay.
0:04 of 1st overtime period - The goal is refused. The puck has been kicked using a distinct kicking motion..
0:05 of 1st overtime period - John Persson wins face-off versus Kenny Ryan in Senators zone.
0:20 of 1st overtime period - Snap shot by Eric Boulton.
0:20 of 1st overtime period - Stopped by Jean-Francois Berube with a rebound.
0:22 of 1st overtime period - Wrist shot by John Persson.
0:22 of 1st overtime period - Shot Misses the Net.
0:32 of 1st overtime period - Slapshot by Adam Almquist.
0:32 of 1st overtime period - Deflect By Kenny Ryan.
0:32 of 1st overtime period - Stopped by Jean-Francois Berube with a rebound.
0:34 of 1st overtime period - Slapshot by Adam Almquist.
0:34 of 1st overtime period - Shot Misses the Net.
0:56 of 1st overtime period - Jesse Blacker is hit by Eric Boulton and loses puck.
1:03 of 1st overtime period - Wrist shot by Eric Boulton.
1:03 of 1st overtime period - Shot Hit the Post.
1:05 of 1st overtime period - Wrist shot by Keith Aulie.
1:05 of 1st overtime period - Shot Blocked by Jesse Blacker.
1:07 of 1st overtime period - Slapshot by Keith Aulie.
1:07 of 1st overtime period - Shot Misses the Net.
1:09 of 1st overtime period - Slapshot by Charles-Olivier Roussel.
1:09 of 1st overtime period - Stopped by Jean-Francois Berube with a rebound.
1:23 of 1st overtime period - Off-side.
1:24 of 1st overtime period - Kenny Ryan wins face-off versus John Persson in neutral zone.
1:39 of 1st overtime period - Slapshot by Mike Brown.
1:39 of 1st overtime period - Stopped by Mike Murphy with a rebound.
1:41 of 1st overtime period - Snap shot by Kenny Ryan.
1:41 of 1st overtime period - Shot Misses the Net.
1:43 of 1st overtime period - Slapshot by Greg Pateryn.
1:43 of 1st overtime period - Stopped by Mike Murphy with a rebound.
1:55 of 1st overtime period - Tyler Biggs is hit by Eric Boulton and loses puck.
2:14 of 1st overtime period - Wrist shot by Tyler Biggs.
2:14 of 1st overtime period - Shot Misses the Net.
2:16 of 1st overtime period - Wrist shot by Korbinian Holzer.
2:16 of 1st overtime period - Stopped by Mike Murphy without a rebound.
2:17 of 1st overtime period - Kenny Ryan wins face-off versus Matt Puempel in Rampage zone.
2:18 of 1st overtime period - Slapshot by Korbinian Holzer.
2:18 of 1st overtime period - Stopped by Mike Murphy with a rebound.
2:20 of 1st overtime period - Snap shot by Kenny Ryan.
2:20 of 1st overtime period - Stopped by Mike Murphy with a rebound.
2:22 of 1st overtime period - Slapshot by Jesse Blacker.
2:22 of 1st overtime period - Stopped by Mike Murphy with a rebound.
2:24 of 1st overtime period - Snap shot by Tyler Biggs.
2:24 of 1st overtime period - Shot Blocked by Keith Aulie.
2:26 of 1st overtime period - Slapshot by Korbinian Holzer.
2:26 of 1st overtime period - Shot Misses the Net.
2:28 of 1st overtime period - Slapshot by Korbinian Holzer.
2:28 of 1st overtime period - Shot Blocked by Matt Puempel.
2:30 of 1st overtime period - Slapshot by Korbinian Holzer.
2:30 of 1st overtime period - Stopped by Mike Murphy without a rebound.
2:31 of 1st overtime period - Matt Puempel wins face-off versus Kenny Ryan in Rampage zone.
2:55 of 1st overtime period - Slapshot by Steve Eminger.
2:55 of 1st overtime period - Deflect By Mike Brown.
2:55 of 1st overtime period - Stopped by Mike Murphy without a rebound.
2:56 of 1st overtime period - Tyler Biggs wins face-off versus John Persson in Rampage zone.
4:18 of 1st overtime period - Matt Puempel is hit by Martin St. Pierre and loses puck.
Goals for this period are 0 for Senators vs 0 for Rampage.
Shots for this period are 8 for Senators vs 4 for Rampage.

ShootOut


5:00 of 1st overtime period - Penalty Shot by Josh Leivo for Senators.
5:00 of 1st overtime period - Deke by Josh Leivo.
5:00 of 1st overtime period - Goal by Josh Leivo.
5:00 of 1st overtime period - Penalty Shot by John Persson for Rampage.
5:00 of 1st overtime period - Wrist shot by John Persson.
5:00 of 1st overtime period - Stopped by Jean-Francois Berube.
5:00 of 1st overtime period - Penalty Shot by Kenny Ryan for Senators.
5:00 of 1st overtime period - Snap shot by Kenny Ryan.
5:00 of 1st overtime period - Stopped by Mike Murphy.
5:00 of 1st overtime period - Penalty Shot by Andrei Loktionov for Rampage.
5:00 of 1st overtime period - Wrist shot by Andrei Loktionov.
5:00 of 1st overtime period - Stopped by Jean-Francois Berube.
5:00 of 1st overtime period - Penalty Shot by Mike Brown for Senators.
5:00 of 1st overtime period - Deke by Mike Brown.
5:00 of 1st overtime period - Stopped by Mike Murphy.
5:00 of 1st overtime period - Penalty Shot by Matt Puempel for Rampage.
5:00 of 1st overtime period - Wrist shot by Matt Puempel.
5:00 of 1st overtime period - Stopped by Jean-Francois Berube.


Output by the SimonT Hockey Simulator (STHS) for Eric Dolegowski -- Original Page W3C XHTML 1.0 Valid
Hockey Simulator - Hockey Simulation - Hockey Manager